 Dungeon Crawl Stone Soup version 0.24.0-28-g17ded55e90 (webtiles) character file.

Game seed: 5689124494347618840, levelgen mode: deterministic

4514 Aelig the Martial Artist (level 9, -9/63 HPs)
             Began as a Demigod Transmuter on Nov 11, 2019.
             Mangled by an ogre
             ... wielding a +0 giant spiked club
              (15 damage)
             ... on level 9 of the Dungeon.
             The game lasted 00:27:35 (11083 turns).

Aelig the Martial Artist (Demigod Transmuter)      Turns: 11083, Time: 00:27:35

Health: -9/63      AC:  9    Str: 13    XL:     9   Next: 96%
Magic:  14/14      EV: 12    Int: 23    God:
Gold:   480        SH:  0    Dex: 16    Spells: 1/11 levels left

rFire    . . .     SeeInvis .     - Unarmed
rCold    + . .     Gourm    .   (no shield)
rNeg     . . .     Faith    .   n - +1 leather armour {rC+}
rPois    .         Spirit   .   w - +2 helmet
rElec    .         Reflect  .   A - +1 cloak
rCorr    .         Harm     .   (no gloves)
MR       .....                  (no boots)
Stlth    +.........             g - amulet of magic regeneration
HPRegen  0.20/turn              (no ring)
MPRegen  0.39/turn              (no ring)

@: no status effects
A: high mp 1
a: no special abilities


You were on level 9 of the Dungeon.
You were not hungry.

You visited 1 branch of the dungeon, and saw 9 of its levels.

You collected 480 gold pieces.

Inventory:

Missiles
 a - 89 arrows
Armour
 n - a +1 leather armour of cold resistance (worn)
 w - a +2 helmet (worn)
 A - a +1 cloak (worn)
Jewellery
 g - an amulet of magic regeneration (around neck)
Wands
 q - a wand of iceblast (12)
 y - a wand of scattershot (5)
Scrolls
 c - 3 scrolls of remove curse
 i - a scroll of amnesia
 j - 3 scrolls of immolation
 k - a scroll of enchant weapon {unknown}
 l - a scroll of teleportation
 p - a scroll of noise {unknown}
 r - a scroll of fog
 s - a scroll of random uselessness {unknown}
 u - a scroll of identify
 v - a scroll of silence {unknown}
 x - a scroll of fear {unknown}
 B - a scroll of blinking {unknown}
Potions
 e - a potion of lignification
 m - 5 potions of curing
 o - a potion of berserk rage {unknown}
 t - a potion of resistance {unknown}
 z - a potion of might
Comestibles
 d - 5 rations


   Skills:
 - Level 0.8 Fighting
 - Level 1.7 Dodging
 + Level 10.2 Unarmed Combat
 - Level 1.7 Spellcasting
 - Level 8.0 Transmutations
 - Level 4.1 Ice Magic
 - Level 3.0 Poison Magic


You had one spell level left.
You knew the following spells:

 Your Spells              Type           Power        Failure   Level  Hunger
a - Beastly Appendage     Tmut           #####.       1%          1    #......
b - Sticks to Snakes      Tmut           #####...     1%          2    ##.....
c - Spider Form           Tmut/Pois      ####......   5%          3    ###....
d - Ice Form              Ice/Tmut       ####....     14%         4    #####..

Your spell library contained the following spells:

 Spells                   Type           Power        Failure   Level  Hunger
 Magic Dart               Conj           #...         17%         1    #......
 Blade Hands              Tmut           #####.....   17%         5    ######.
 Blink                    Tloc           N/A          26%         2    ##.....
 Call Imp                 Summ           #.......     26%         2    ##.....
 Slow                     Hex            #.......     26%         2    ##.....
 Mephitic Cloud           Conj/Pois/Air  #.......     32%         3    ###....
 Conjure Flame            Conj/Fire      #.......     45%         3    ###....


Dungeon Overview and Level Annotations

Branches:
Dungeon (9/15)             Temple (0/1) D:7
   Lair: D:8-11         Orc: D:9-12

Annotations:
D:4 exclusion: door
D:6 exclusion: water moccasin
D:8 Harold


Innate Abilities, Weirdness & Mutations

You have an increased reservoir of magic. (+10% MP)


Message History

* * * LOW HITPOINT WARNING * * *
The porcupine closely misses you.
A bullfrog comes into view.
Evoke which item? (* to show all) (? for menu, Esc to quit)
Okay, then.
The bullfrog croaks.
The porcupine misses you. The porcupine bites you.
* * * LOW HITPOINT WARNING * * *
The porcupine bites you!
* * * LOW HITPOINT WARNING * * *
Okay, then.
Okay, then.
Sorry, you're not good enough to have a special ability.
Unknown command.
As you read the scroll labeled JOCAX WISYNYE, it crumbles to dust.
It is a scroll of enchant armour.
Your +0 cloak glows green for a moment.
The bullfrog completely misses you.
The ogre hits you with a +0 giant spiked club!
You die...

## ###
##.#####..#
#...##O@..###
#...S.rF....#
#..........##
##.T##.....#
##..###...#
##<...T.#..#
##......t...##
#..##..##F...#
#...#####...#..#


You could see a troll, an ogre, a bullfrog, a porcupine and an adder.

Vanquished Creatures
  Pikel (D:7)
  A hungry ghost (D:8)
  A black bear (D:6)
  An orc warrior (D:6)
  4 ice beasts
  3 sky beasts
  A slave (D:7)
  4 ogres
  3 centaurs
  A big kobold (D:7)
  7 bullfrogs
  2 scorpions
  14 killer bees
  2 jellies
  2 howler monkeys
  5 crimson imps
  2 centaur zombies
  3 orc priests
  4 hounds
  A bullfrog skeleton (D:4)
  Crazy Yiuf (D:7)
  5 iguanas
  3 worker ants
  3 orc wizards
  A hound skeleton (D:5)
  3 gnolls (D:2)
  9 adders
  4 oozes
  An adder zombie (D:7)
  A worm (D:2)
  2 dart slugs (D:1)
  5 leopard geckos
  27 orcs
  2 ball pythons
  6 bats
  12 giant cockroaches
  6 hobgoblins
  7 jackals
  20 kobolds
  3 quokkas
  4 frilled lizards
  2 goblins
  A jackal skeleton (D:4)
  A jackal zombie (D:5)
  2 leopard gecko skeletons
  A leopard gecko zombie (D:6)
  A quokka skeleton (D:7)
  7 rats
202 creatures vanquished.

Vanquished Creatures (others)
  A slave (D:7)
  An orc wizard (D:3)
  10 fungi (D:4)
  6 toadstools (D:4)
18 creatures vanquished.

Grand Total: 220 creatures vanquished

Notes
Turn   | Place    | Note
-------+----------+-------------------------------------------
     0 | D:1      | Aelig the Demigod Transmuter began the quest for the Orb.
     0 | D:1      | Reached XP level 1. HP: 15/15 MP: 5/5
    69 | D:1      | Reached XP level 2. HP: 18/22 MP: 5/7
    76 | D:1      | Learned a level 2 spell: Sticks to Snakes
  1203 | D:2      | Reached XP level 3. HP: 25/27 MP: 8/8
  2019 | D:2      | Reached XP level 4. HP: 15/34 MP: 7/9
  2079 | D:2      | Learned a level 3 spell: Spider Form
  2205 | D:2      | Found an opulent altar of Gozag.
  2815 | D:3      | Reached skill level 1 in Poison Magic
  2845 | D:2      | Reached XP level 5. HP: 23/39 MP: 7/10
  3224 | D:3      | Reached skill level 5 in Transmutations
  3537 | D:3      | Found a bloodstained altar of Trog.
  3553 | D:3      | Reached XP level 6. HP: 46/46 MP: 11/11
  3921 | D:4      | Reached skill level 3 in Unarmed Combat
  4443 | D:4      | Found a radiant altar of Vehumet.
  4462 | D:4      | Reached skill level 4 in Unarmed Combat
  4522 | D:4      | Reached XP level 7. HP: 34/51 MP: 12/12
  4926 | D:4      | Found an ornate altar of the Wu Jian Council.
  4926 | D:4      | Found a snail-covered altar of Cheibriados.
  5298 | D:5      | Entered Level 5 of the Dungeon
  5497 | D:5      | Reached skill level 5 in Unarmed Combat
  5788 | D:5      | Found a basalt altar of Yredelemnul.
  5929 | D:5      | Reached skill level 6 in Unarmed Combat
  6110 | D:5      | Found a white marble altar of Elyvilon.
  6225 | D:5      | Reached XP level 8. HP: 55/58 MP: 11/13
  6851 | D:6      | Reached skill level 7 in Unarmed Combat
  7536 | D:6      | Found a shadowy altar of Dithmenos.
  7650 | D:6      | Learned a level 4 spell: Ice Form
  7866 | D:7      | Reached skill level 1 in Ice Magic
  7899 | D:7      | Found a staircase to the Ecumenical Temple.
  7939 | D:7      | Reached skill level 8 in Unarmed Combat
  7946 | D:7      | Reached XP level 9. HP: 52/63 MP: 14/14
  8212 | D:7      | Found a runed translucent door.
  8213 | D:7      | Noticed Crazy Yiuf
  8222 | D:7      | Killed Crazy Yiuf
  8720 | D:7      | Noticed Pikel
  8745 | D:7      | Killed Pikel
  8745 | D:7      | Reached skill level 9 in Unarmed Combat
 10153 | D:8      | Noticed Harold
 10406 | D:8      | Reached skill level 10 in Unarmed Combat
 11083 | D:9      | Mangled by an ogre

Levels and vault maps discovered:
D:1:      minmay_arrival_three_doors, layout_basic
D:2:      layout_basic, lemuel_crystal_altar, kennysheep_donut,
          kennysheep_path_1
D:3:      layout_rooms, old_standard_altar, first_ration
D:4:      cheibrodos_fertilizer, layout_basic, gammafunk_temple_overflow_statue,
          overflow_temple_1_default
D:5:      minmay_evil_eye, layout_loops_corners, yredelemnul_altar_generic,
          kennysheep_mini, gup_sewer_entry_pipe
D:6:      layout_rooms, nicolae_dithmenos_shadow_blocks
D:7:      layout_basic, minmay_temple_entry_statues_fountains, enter_bailey_6,
          uniq_crazy_yiuf_cottage, uniq_pikel
D:8:      layout_cave_pools, uniq_harold
D:9:      layout_cave_pools, zin_purify, gammafunk_temple_overflow_wave,
          grunt_lair_entry_orc_guard_hut, david_orc_5, serial_shops,
          nicolae_shop_statue_plus, hangedman_ranch [blue_anna_fruit_fields]

Skill      XL: |  1  2  3  4  5  6  7  8  9 |
---------------+----------------------------+-----
Transmutations | 2 3 4 5 6 7 8 |  8.0
Poison Magic   | 1 2 3 |  3.0
Unarmed Combat | 4 6 8 10 | 10.2
Ice Magic      | 1 4 |  4.1
Fighting       | |  0.8
Dodging        | |  1.7
Spellcasting   | |  1.7

Action                   |  1- 3 |  4- 6 |  7- 9 || total
-------------------------+-------+-------+-------++-------
Melee: Unarmed           |    94 |   184 |   447 ||   725
       Kick              |    12 |    35 |    22 ||    69
       Headbutt          |     6 |     4 |     6 ||    16
       Punch             |       |     2 |     3 ||     5
 Cast: Beastly Appendage |    23 |    21 |    25 ||    69
       Spider Form       |       |    11 |    36 ||    47
       Sticks to Snakes  |       |     1 |     1 ||     2
 Abil: End Transformatio |       |       |     4 ||     4
  Use: Scroll            |       |     5 |    10 ||    15
       Potion            |       |       |     3 ||     3
 Stab: Sleeping          |     2 |       |       ||     2
       Distracted        |       |       |     1 ||     1
  Eat: Chunk             |     3 |    11 |    12 ||    26
       Ration            |       |       |     5 ||     5
Armor: Robe              |     8 |     6 |       ||    14
       Skin              |       |     5 |    14 ||    19
       Leather armour    |       |    33 |    38 ||    71
Dodge: Dodged            |    44 |   120 |   336 ||   500
